 Dungeon Crawl Stone Soup version 0.31-a0-521-gc7390f8997 (webtiles) character file.

Game seed: 10839966617362580877

16 MisterAzrael the Trooper (level 2, 0/40 HPs)
             Began as a Hill Orc Fighter on Aug 10, 2023.
             Slain by Terence
             ... wielding a +0 trident of protection
              (7 damage)
             ... on level 2 of the Dungeon.
             The game lasted 00:00:48 (1009 turns).

MisterAzrael the Trooper (Hill Orc Fighter)         Turns: 1009, Time: 00:00:48

Health: 0/40       AC: 21    Str: 18    XL:     2   Next: 54%
Magic:  2/2        EV:  2    Int:  8    God:
Gold:   64         SH:  4    Dex: 10    Spells: 1/1 levels left

rFire   . . .        a - +0 war axe
rCold   . . .        c - +0 buckler
rNeg    . . .        b - melded +0 scale mail
rPois   +            (helmet currently unavailable)
rElec   .            (cloak currently unavailable)
rCorr   .            (gloves currently unavailable)
SInv    .            (boots currently unavailable)
Will    .....        (no amulet)
Stlth   +            (no ring)
HPRegen 0.26/turn    (no ring)
MPRegen 0.08/turn

%: no passive effects
@: mighty, tree-form (expiring)
A: stationary, stasis, torment immunity, boosted hp
a: no special abilities


You were on level 2 of the Dungeon.
You were a tree.
You visited 1 branch of the dungeon, and saw 2 of its levels.

You collected 64 gold pieces.

Inventory:

Hand Weapons
 a - a +0 war axe (weapon)
Missiles
 h - 5 poisoned darts
Armour
 b - a +0 scale mail (melded)
 c - a +0 buckler (worn)
Scrolls
 f - 2 scrolls of identify {unknown}
 g - a scroll of teleportation {unknown}


   Skills:
 + Level 3.9 Fighting
 + Level 3.1 Axes
 + Level 3.5 Armour
 + Level 3.5 Shields


You had one spell level left.
You didn't know any spells.
Your spell library contained the following spells:

 Spells                   Type           Power      Damage    Failure   Level
 Leda's Liquefaction      Hex/Erth       0%         N/A       99%         4
 Lee's Rapid Deconstruct  Erth           0%         3d4*      100%        5
 Leda's Unmaking          Conj/Erth      0%         9d1       100%        6


Dungeon Overview and Level Annotations

Branches:
Dungeon (2/15)

Altars:

Annotations:
D:2 Terence


Message History

Terence hits you but does no damage. You block Terence's attack.
Terence hits you from afar with a +0 trident of protection.
Terence completely misses you.
Terence says, "Don't bother to defend, it's pointless."
Terence hits you from afar with a +0 trident of protection.
* * * LOW HITPOINT WARNING * * *
Terence hits you but does no damage. Terence hits you but does no damage.
Terence hits you from afar with a +0 trident of protection.
* * * LOW HITPOINT WARNING * * *
Terence hits you but does no damage. Terence hits you but does no damage.
You block Terence's attack. Terence hits you but does no damage.
Terence hits you but does no damage.
Terence hits you from afar with a +0 trident of protection.
* * * LOW HITPOINT WARNING * * *
Terence hits you but does no damage. Terence hits you but does no damage.
Terence hits you but does no damage. Terence hits you but does no damage.
You block Terence's attack. Terence hits you but does no damage.
Terence hits you from afar with a +0 trident of protection!
* * * LOW HITPOINT WARNING * * *
You block Terence's attack. Terence hits you but does no damage.
Terence barely misses you. Terence hits you but does no damage.
Terence hits you but does no damage.
Terence says, "Don't bother to defend, it's useless."
Terence hits you but does no damage.
Your transformation is almost over.
You block Terence's attack. Terence hits you but does no damage.
Terence hits you but does no damage. Terence hits you but does no damage.
Terence hits you from afar with a +0 trident of protection!
You die...

#.# #...... . #.#
#...#. .# #.# #.#..
.. ###.# #...#.#.#
....# #.......# ##..#
#)...# #..#.#######
#.#
##.##.......#######.#
.<.########...[.♣.@.#
..## #.#######.#
...### #.# #.# [....#
#># #.# ⌠..#<# #.#
#.# ...#.# #.# #.#
...#.######.# #..
.###........# #..
.....######.#


You could see Terence.

Vanquished Creatures
  A dart slug (D:1)
  A ball python (D:1)
  4 endoplasms (D:1)
  2 goblins
  2 kobolds (D:1)
  3 rats
13 creatures vanquished.

Notes
Turn   | Place    | Note
-------+----------+-------------------------------------------
     0 | D:1      | MisterAzrael the Hill Orc Fighter began the quest for the
                  | Orb.
     0 | D:1      | Reached XP level 1. HP: 19/19 MP: 1/1
   174 | D:1      | Reached XP level 2. HP: 17/27 MP: 2/2
   958 | D:2      | Noticed Terence
  1009 | D:2      | Slain by Terence

Illustrated notes

Levels and vault maps discovered:
D:1:      onia_arrival_pentagram, layout_loops_ring, minmay_hedge_maze,
          nicolae_the_louvre
D:2:      layout_loops_ring, solitary_fountain, hangedman_decor_lopped,
          uniq_crazy_yiuf_cottage, uniq_terence

Skill      XL: |  1 |
---------------+----+-----
Axes           | 3 |  3.1
Fighting       | |  3.9
Armour         | |  3.5
Shields        | |  3.5

Action                     || total
---------------------------++-------
  Melee: War axe           ||    33
    Use: Potion            ||     2
 Armour: Scale mail        ||    11
         Skin              ||    28
  Dodge: Dodged            ||    21
  Block: Buckler           ||    13

Table legend: (Time is in decaauts)
 A = Elapsed time spent in this place.
 B = Non-inter-level travel time spent in this place.
 C = Inter-level travel time spent in this place.
 D = Time resting spent in this place.
 E = Time spent auto-exploring this place.
 F = Levels seen in this place.
 G = Mean time per level.
                   A        B        C        D        E       F      G
               +--------+--------+--------+--------+--------+-----+--------+
         Total |   1022 |    994 |     28 |      0 |    841 |   2 |  511.0 |
       Dungeon |   1022 |    994 |     28 |      0 |    841 |   2 |  511.0 |
               +--------+--------+--------+--------+--------+-----+--------+

Top non-repeatable levels by time:
     D:1: 899 daAuts
     D:2: 122 daAuts
